 Dungeon Crawl Stone Soup version 0.31-a0-705-ga145531891 (webtiles) character file.

Game seed: 16879931005850082462

1437 ytrimaz the Martial Artist (level 8, -3/46 (48) HPs)
             Began as an Octopode Shapeshifter on Sept 10, 2023.
             Was an Initiate of Ashenzari.
             Slain by a wight
             ... wielding a +0 flail
              (9 damage)
             ... on level 6 of the Dungeon.
             The game lasted 00:04:13 (4544 turns).

ytrimaz the Martial Artist (Octopode Shapeshifter)  Turns: 4544, Time: 00:04:13

HP:   -3/46 (48)    AC:  1    Str: 13    XL:     8   Next: 74%
MP:   8/8           EV: 13    Int: 12    God:    Ashenzari [......]
Gold: 315           SH:  0    Dex: 14    Spells: 7/7 levels left

rFire   + .          .
                       - Unarmed
rCold   . . .        (no shield)
rNeg    . . .        (helmet currently unavailable)
rPois   .            (no amulet)
rElec   .            d - ring of Ouranomancy {SInv, Bglg, Melee} (curse)
rCorr   .            h - ring of protection from fire
SInv    +            p - ring of flight
Will    .....        (no ring)
Stlth   ++           (no ring)
HPRegen 0.27/turn    (no ring)
MPRegen 0.11/turn    (no ring)
                     (no ring)

%: no passive effects
@: beast-form, flying, lightly drained
A: beast (slay +4), almost no armour, amphibious, 8 rings, camouflage 1,
gelatinous body 1, (nimble swimmer 1), tentacles
a: Begin Untransformation, Renounce Religion, Shatter the Chains


You were on level 6 of the Dungeon.
You worshipped Ashenzari.
Ashenzari was noncommittal.
You were a hulking beast.
You visited 2 branches of the dungeon, and saw 7 of its levels.

You collected 315 gold pieces.


Innate Abilities, Weirdness & Mutations

You are a hulking beast.
Your limbs bulge with bestial killing power. (Slay +4)
You cannot wear most types of armour.
You are amphibious.
You can wear up to eight rings at the same time.
Your skin changes colour to match your surroundings (Stealth+).
Your rubbery body absorbs attacks. (AC +1, EV +1)
((You are camouflaged when in or above water. (Stealth+)))
You have tentacles for arms and can constrict up to eight enemies at once.


   Skills:
 - Level 1.0 Fighting
 - Level 2.0 Dodging
 + Level 8.0(8.4) Unarmed Combat
 + Level 7.4 Shapeshifting


You had 7 spell levels left.
You didn't know any spells.
Your spell library contained the following spells:

 Spells                   Type           Power      Damage    Failure   Level
 Apportation              Tloc           0%         N/A       32%         1
 Summon Small Mammal      Summ           0%         N/A       32%         1
 Blink                    Tloc           0%         N/A       45%         2
 Jinxbite                 Hex            0%         N/A       45%         2
 Lesser Beckoning         Tloc           0%         N/A       45%         2
 Momentum Strike          Conj/Tloc      0%         3d8       45%         2
 Call Canine Familiar     Summ           0%         N/A       69%         3
 Summon Guardian Golem    Hex/Summ       0%         N/A       69%         3
 Alistair's Intoxication  Tmut/Pois      0%         N/A       100%        5

Inventory:

Jewellery
 d - the cursed ring of Ouranomancy (left tentacle) {SInv, Bglg, Melee}
   (You found it on level 1 of the Dungeon)

   [ring of see invisible]

   SInv:      It lets you see invisible.
   It has a curse which improves the following skills: Beguiling: Conjurations,
   Hexes and Translocations.
   Melee Combat: Short Blades, Long Blades, Axes, Maces & Flails, Polearms,
   Staves and Unarmed Combat.
 h - a ring of protection from fire (right tentacle)
   (You found it on level 2 of the Dungeon)
 p - a ring of flight (on tentacle)
   (You found it on level 4 of the Dungeon)
Talismans
 b - a beast talisman (active)
 c - a flux talisman
Wands
 u - a wand of polymorph (8)
   (You found it on level 4 of the Dungeon)
Scrolls
 a - a scroll of teleportation
 e - 5 scrolls of vulnerability
 f - a scroll of revelation
 l - 2 scrolls of enchant weapon
 m - 2 scrolls of enchant armour
 o - a scroll of amnesia
Potions
 i - a potion of invisibility
 q - a potion of attraction {unknown}
 r - a potion of berserk rage {unknown}
 s - a potion of brilliance {unknown}
 t - 2 potions of might {unknown}
 v - 2 potions of magic {unknown}

Dungeon Overview and Level Annotations

Branches:
Dungeon (6/15) Zot: 26429  Temple (1/1) D:5 Zot: 5978

Altars:
Ashenzari
Cheibriados
Dithmenos
Elyvilon
Fedhas
Gozag
Hepliaklqana
Makhleb
Nemelex Xobeh
Qazlal
Ru
Sif Muna
Trog
Uskayaw
Vehumet
Wu Jian
Xom
Zin
The Shining One

...##...##...##...............##.
...##...#...............)##...##.
........#.......##.......##+####.
...†....#.......##...........###.
...†....#........#.............#.
........#......................#.
.........................#.....#.
.........................#.......
######..........h#.......#.......
.....###.zz#.......#......#
.....# #...##...........#+# ....
#...##...##.........
#...#######......... z..h.
#......... ...... .........
....... ...### ......... ......


You could see a black bear (fleeing) and 3 wights.


Message History

The adder completely misses you.
Unknown command.
You tentacle-slap the white imp.
You kill the white imp!
The hound bites you. The adder bites you but does no damage.
The hound bites you. 😮 HP[-2]
You take 2 damage, and now have 28/48 hp.
Unknown command.
You bludgeon the adder!
You kill the adder!
The hound bites you.
* * * LOW HITPOINT WARNING * * *
Your Unarmed Combat skill increases to level 8! 😨 HP[-4]
You take 4 damage, and now have 24/48 hp.
The hound misses you.
You see here an adder corpse.
Unknown command.
You bludgeon the hound! You grab the hound. Your squeeze misses the hound.
You constrict the hound. The hound bites you.
* * * LOW HITPOINT WARNING * * *
😨 HP[-5]
You take 5 damage, and now have 19/48 hp.
Unknown command.
You completely miss the hound. You squeeze the hound. You constrict the hound.
The hound bites you.
* * * LOW HITPOINT WARNING * * *
😨 HP[-3]
You take 3 damage, and now have 16/48 hp.
You bludgeon the hound!
You kill the hound! 😨 HP[+1]
You see here a hound corpse.
Key pressed, stopping explore.
Unknown command. 😨 HP[+6]
You regained 6 hp, and now have 23/48 hp.
Key pressed, stopping explore.
Found an escape hatch in the ceiling. 😎 HP[+25]
Your hp is fully restored (48).
Found a stone staircase leading down.
Key pressed, stopping explore.
A black bear comes into view.
A black bear is nearby!
A black bear is nearby!
A wight comes into view. It is wielding a +0 battleaxe.
The black bear growls angrily.
You tentacle-slap the black bear. Your grab misses the black bear.
The black bear misses you. The black bear claws you.
The black bear closely misses you. 😕 HP[-5]
You take 5 damage, and now have 43/48 hp.
You tentacle-slap the black bear but do no damage.
Your grab misses the black bear. You squeeze the black bear!
The black bear bites you! The black bear claws you. x2
A wight comes into view. It is wielding a +0 flail.
A wight comes into view. It is wielding a +3 halberd. 😮 HP[-13]
You take 13 damage, and now have 30/48 hp.
MASSIVE DAMAGE!! (PAUSE)
You tentacle-slap the black bear. Your grab misses the black bear.
Unknown command.
You barely miss the black bear. Your grab misses the black bear.
You tentacle-slap the black bear. The black bear bites you.
The black bear barely misses you. The black bear claws you.
* * * LOW HITPOINT WARNING * * *
😨 HP[-6]
You take 6 damage, and now have 24/48 hp.
Unknown command.
You barely miss the black bear. Your grab misses the black bear.
The black bear bites you.
* * * LOW HITPOINT WARNING * * *
The black bear completely misses you. The black bear barely misses you.
The wight hits you with a +0 battleaxe!
* * * LOW HITPOINT WARNING * * *
😱 HP[-13]
You take 13 damage, and now have 11/48 hp.
MASSIVE DAMAGE!! (PAUSE)
Okay, then.
As you read the scroll of fear, it crumbles to dust.
You assume a fearsome visage.
The black bear looks frightened!
The wight is unaffected.
The wight is unaffected.
Unknown command.
Unknown command.
Okay, then.
You feel better. The wight hits you with a +0 battleaxe!
* * * LOW HITPOINT WARNING * * *
You feel drained.
* * * LOW HITPOINT WARNING * * *
The wight misses you. 😱 HP[-6]
You now have 46 max hp (-2).
You take 6 damage, and now have 5/46 hp.
Okay, then.
Unknown command.
The wight attacks as it pursues you! The wight hits you with a +0 flail!
You die...

Skill      XL: |  1  2  3  4  5  6  7  8 |
---------------+-------------------------+-----
Unarmed Combat | 4 5 6 8 |  8.0
Shapeshifting  | 4 5 6 7 |  7.4
Fighting       | |  1.0
Dodging        | |  2.0

Action                     |  1- 3 |  4- 6 |  7- 9 || total
---------------------------+-------+-------+-------++-------
  Melee: Unarmed           |    57 |    90 |    94 ||   241
         Constrict         |    14 |    27 |    22 ||    63
         Tentacles         |    14 |    21 |    28 ||    63
         Punch             |       |     3 |     5 ||     8
 Invoke: Curse Item        |       |       |     1 ||     1
    Use: Potion            |     1 |       |     5 ||     6
         Scroll            |       |       |     9 ||     9
   Stab: Sleeping          |     5 |     5 |     2 ||    12
         Distracted        |     1 |       |       ||     1
         Invisible         |       |       |     2 ||     2
 Armour: Skin              |    25 |    31 |    57 ||   113
  Dodge: Dodged            |    34 |    43 |    53 ||   130

Levels and vault maps discovered:
D:1:      dpeg_arrival_simpleton_b, layout_rooms
D:2:      layout_rooms, grunt_ministairs_13
D:3:      layout_basic, st_stairs_12, nicolae_concentric_dashed_squares_wild,
          minmay_crystal_water, nicolae_twisty_statue_hallways
D:4:      layout_loops_ring, st_stairs_9, sigmund_edmund_badplayer,
          uniq_sigmund, uniq_duvessa
D:5:      layout_cave_pods, temple_pool_b, hex_large
D:6:      layout_basic
Temple:   compressed_dpeg_triangle_lava_temple

Notes
Turn   | Place    | Note
-------+----------+-------------------------------------------
     0 | D:1      | ytrimaz the Octopode Shapeshifter began the quest for the
                  | Orb.
     0 | D:1      | Reached XP level 1. HP: 13/13 MP: 1/1
     0 | D:1      | magus.rc [v1.9.6]
    13 | D:1      | You pick up a book of Callings and begin reading...
    13 | D:1      | You add the spells Summon Small Mammal, Call Canine
                  | Familiar and Summon Guardian Golem to your library.
    41 | D:1      | Reached XP level 2. HP: 18/18 MP: 2/2
   142 | D:1      | You pick up a book of Party Tricks and begin reading...
   142 | D:1      | You add the spells Apportation, Jinxbite and Alistair's
                  | Intoxication to your library.
   149 | D:1      | You pick up a book of Spatial Translocations and begin
                  | reading...
   149 | D:1      | You add the spells Blink, Momentum Strike and Lesser
                  | Beckoning to your library.
   553 | D:2      | Reached XP level 3. HP: 23/23 MP: 3/3
   919 | D:2      | Reached skill level 4 in Unarmed Combat
   919 | D:2      | Reached XP level 4. HP: 28/28 MP: 4/4
  1242 | D:3      | Reached skill level 4 in Shapeshifting
  1293 | D:3      | Noticed a sky beast
  1302 | D:3      | HP: 2/28 [sky beast (6)]
  1303 | D:3      | Killed a sky beast
  1304 | D:3      | Reached XP level 5. HP: 3/33 MP: 5/5
  1802 | D:4      | Reached skill level 5 in Unarmed Combat
  1803 | D:4      | Reached XP level 6. HP: 33/38 MP: 6/6
  2067 | D:4      | Reached skill level 5 in Shapeshifting
  2124 | D:4      | Reached XP level 7. HP: 14/43 MP: 7/7
  2173 | D:4      | Noticed Duvessa
  2279 | D:4      | Noticed Dowan
  2289 | D:4      | Killed Duvessa
  2290 | D:4      | Reached skill level 6 in Unarmed Combat
  2294 | D:4      | Killed Dowan
  2479 | D:4      | Noticed Sigmund
  2488 | D:4      | Killed Sigmund
  2489 | D:4      | Reached skill level 6 in Shapeshifting
  2854 | D:5      | Entered Level 5 of the Dungeon
  3006 | D:5      | Found a staircase to the Ecumenical Temple.
  3015 | Temple   | Entered the Ecumenical Temple
  3027 | Temple   | Became a worshipper of Ashenzari the Shackled
  3109 | D:5      | Reached XP level 8. HP: 42/48 MP: 8/8
  3203 | D:5      | Reached skill level 7 in Unarmed Combat
  3371 | D:5      | HP: 12/48 [scorpion (6)]
  4011 | D:6      | HP: 10/48 [sky beast (6)]
  4013 | D:6      | Reached skill level 7 in Shapeshifting
  4368 | D:6      | Reached skill level 8 in Unarmed Combat
  4541 | D:6      | HP: 11/48 [wight/+0 battleaxe (7)]
  4543 | D:6      | HP: 5/46 [wight/+0 battleaxe (4)]
  4544 | D:6      | Slain by a wight

Vanquished Creatures
  Sigmund (D:4)
  A water moccasin (D:6)
  Duvessa (D:4)
  2 sky beasts
  A phantom (D:5)
  2 scorpions
  Dowan (D:4)
  A howler monkey (D:4)
  7 hounds
  3 iguanas
  A sleepcap (D:4)
  3 orc wizards
  3 gnolls (D:4)
  8 adders
  A shadow imp (D:5)
  2 white imps
  6 worms
  A dart slug (D:3)
  9 orcs
  6 endoplasms
  3 giant cockroaches
  8 hobgoblins
  6 jackals
  3 quokkas
  5 ball pythons
  6 bats
  3 frilled lizards
  3 goblins
  6 kobolds
  5 rats
108 creatures vanquished.

Table legend:
 A = Non-vault XP
 B = Vault XP
 C = Vault XP percentage of total XP
 D = Non-vault monster count
 E = Vault monster count
 F = Vault count percentage of total count
                 A         B        C        D         E       F
            +---------+---------+-------+---------+---------+-------
      Total |    1512 |     541 |  26.4 |      99 |       9 |   8.3
            +---------+---------+-------+---------+---------+-------
        D:1 |      30 |       0 |   0.0 |      19 |       0 |   0.0
        D:2 |      71 |       6 |   7.8 |      18 |       2 |  10.0
        D:3 |     175 |       2 |   1.1 |      17 |       1 |   5.6
        D:4 |     276 |     533 |  65.9 |      20 |       6 |  23.1
        D:5 |     437 |       0 |   0.0 |      14 |       0 |   0.0
        D:6 |     523 |       0 |   0.0 |      11 |       0 |   0.0
            +---------+---------+-------+---------+---------+-------

Skill      XL: |  1  2  3  4  5  6  7  8 |
---------------+-------------------------+-----
Unarmed Combat | 4 5 6 8 |  8.0
Shapeshifting  | 4 5 6 7 |  7.4
Fighting       | |  1.0
Dodging        | |  2.0

Action                     |  1- 3 |  4- 6 |  7- 9 || total
---------------------------+-------+-------+-------++-------
  Melee: Unarmed           |    57 |    90 |    94 ||   241
         Constrict         |    14 |    27 |    22 ||    63
         Tentacles         |    14 |    21 |    28 ||    63
         Punch             |       |     3 |     5 ||     8
 Invoke: Curse Item        |       |       |     1 ||     1
    Use: Potion            |     1 |       |     5 ||     6
         Scroll            |       |       |     9 ||     9
   Stab: Sleeping          |     5 |     5 |     2 ||    12
         Distracted        |     1 |       |       ||     1
         Invisible         |       |       |     2 ||     2
 Armour: Skin              |    25 |    31 |    57 ||   113
  Dodge: Dodged            |    34 |    43 |    53 ||   130

Illustrated notes

Table legend:
 A = Kills in this place as a percentage of kills in the entire game.
 B = Kills by you in this place as a percentage of kills by you in the entire game.
 C = Kills by friends in this place as a percentage of kills by friends in the entire game.
 D = Other kills in this place as a percentage of other kills in the entire game.
 E = Experience gained in this place as a percentage of experience gained in the entire game.
 F = Experience gained in this place divided by the number of levels of this place that you have seen.
                   A       B       C       D       E      F
               +-------+-------+-------+-------+-------+----------------------
         Total | 100.0 | 100.0 |   N/A |   N/A | 100.0 | 293.3
       Dungeon | 100.0 | 100.0 |   N/A |   N/A | 100.0 | 342.2
               +-------+-------+-------+-------+-------+----------------------

Table legend: (Time is in decaauts)
 A = Elapsed time spent in this place.
 B = Non-inter-level travel time spent in this place.
 C = Inter-level travel time spent in this place.
 D = Time resting spent in this place.
 E = Time spent auto-exploring this place.
 F = Levels seen in this place.
 G = Mean time per level.
                   A        B        C        D        E       F      G
               +--------+--------+--------+--------+--------+-----+--------+
         Total |   4505 |   4393 |    112 |      2 |   3680 |   7 |  643.6 |
       Dungeon |   4483 |   4379 |    104 |      2 |   3680 |   6 |  747.2 |
        Temple |     21 |     13 |      8 |      0 |      0 |   1 |   21.0 |
               +--------+--------+--------+--------+--------+-----+--------+

Top non-repeatable levels by time:
     D:5: 1087 daAuts
     D:4: 1037 daAuts
     D:2: 656 daAuts
     D:3: 584 daAuts
     D:6: 569 daAuts
     D:1: 548 daAuts
  Temple: 21 daAuts
